 Dungeon Crawl Stone Soup version 0.20.1-1-g8b1a95d (webtiles) character file.

118 PauBabau the Covered (level 5, 0/42 HPs)
             Began as a Barachi Fighter on Dec 9, 2017.
             Slain by a gnoll
             ... wielding a +0 halberd
              (5 damage)
             ... on level 3 of the Dungeon.
             The game lasted 00:05:58 (1737 turns).

PauBabau the Covered (Barachi Fighter)              Turns: 1737, Time: 00:05:59

Health: 0/42       AC:  9    Str: 18    XL:     5   Next: 2%
Magic:  0/5        EV:  8    Int:  9    God:
Gold:   120        SH:  9    Dex: 11    Spells: 4/4 levels left

rFire    . . .     SeeInvis .   a - +0 long sword
rCold    . . .     Gourm    .   c - +0 shield
rNeg     . . .     Faith    .   b - +0 scale mail
rPois    .         Spirit   +   (no helmet)
rElec    .         Reflect  .   (no cloak)
rCorr    .         Harm     .   (no gloves)
MR       .....                  l - +1 pair of boots
Stlth    ..........             h - amulet of guardian spirit
Regen    0.2/turn               (no ring)
MPRegen  0.1/turn               (no ring)

@: slow
A: +LOS, swims, slowness 1, strong legs 1
a: Hop


You were on level 3 of the Dungeon.
You were hungry.

You visited 1 branch of the dungeon, and saw 3 of its levels.

You collected 120 gold pieces.

Inventory:

Hand Weapons
 a - a +0 long sword (weapon)
 q - a +2 hunting sling of flaming
Missiles
 r - 12 sling bullets
Armour
 b - a +0 scale mail (worn)
 c - a +0 shield (worn)
 l - a +1 pair of boots (worn)
Jewellery
 h - an amulet of guardian spirit (around neck)
Scrolls
 e - a scroll of blinking {unknown}
 k - a scroll of recharging {unknown}
 m - a scroll of teleportation {unknown}
 n - 2 scrolls of identify {unknown}
 s - a scroll of fog {unknown}
 v - a scroll of random uselessness {unknown}
Potions
 d - a potion of might
 i - a potion of degeneration {unknown}
 j - 2 potions of curing {unknown}
 p - a potion of ambrosia {unknown}
 u - a potion of haste {unknown}
Comestibles
 f - 3 bread rations
 g - 2 royal jellies
 o - a meat ration


   Skills:
 * Level 3.9 Fighting
 * Level 4.1 Long Blades
 * Level 4.6 Armour
 * Level 1.4 Dodging
 * Level 3.8 Shields


You had 4 spell levels left.
You didn't know any spells.

Dungeon Overview and Level Annotations

Branches:
Dungeon (3/15)

Altars:
Dithmenos
Kikubaaqudgha
Uskayaw


Innate Abilities, Weirdness & Mutations

Shadows flee at your approach. (+LOS)
You can swim through water.
You cover ground slowly.
You can hop short distances.


Message History

Your Long Blades skill increases to level 4!
You have reached level 5!
You block the gnoll's attack.
You hit the dart slug.
The dart slug is lightly wounded.
The gnoll hits you from afar with a halberd.
* * * LOW HITPOINT WARNING * * *
You block the dart slug's attack.
You hit the dart slug.
The dart slug is heavily wounded.
The gnoll barely misses you.
You hit the dart slug but do no damage.
The dart slug is heavily wounded.
You block the dart slug's attack.
The gnoll hits you from afar with a halberd.
* * * LOW HITPOINT WARNING * * *
You hit the dart slug.
You kill the dart slug!
The gnoll hits you from afar with a halberd!
You die...

# #.o...###
#.#..o....#
#.....w.#o# #
#.......##.# ###.
#.......#
.......##.g######
.###.#.....o..g.#
# ####..####)#
.$...# #@#
#...[..## #.#
##.##### #.## #
#..# ##.# #.# #.#
#.# ..
########.####


You could see a gnoll.

Vanquished Creatures
  An orc wizard (D:3)
  A gnoll (D:3)
  3 adders (D:2)
  3 worms (D:2)
  3 dart slugs
  A leopard gecko (D:2)
  2 bats
  3 giant cockroaches
  3 goblins (D:1)
  4 hobgoblins
  A quokka (D:2)
  A ball python (D:1)
  5 frilled lizards
  5 kobolds
  5 rats
41 creatures vanquished.

Notes
Turn   | Place    | Note
-------+----------+-------------------------------------------
     0 | D:1      | PauBabau the Barachi Fighter began the quest for the Orb.
     0 | D:1      | Reached XP level 1. HP: 18/18 MP: 1/1
   120 | D:1      | Reached XP level 2. HP: 7/25 MP: 2/2
   231 | D:1      | Reached XP level 3. HP: 5/30 MP: 1/3
   482 | D:2      | Reached skill level 1 in Dodging
   960 | D:2      | Found a shadowy altar of Dithmenos.
  1002 | D:2      | Reached XP level 4. HP: 37/37 MP: 2/4
  1331 | D:2      | Found a hide-covered altar of Uskayaw.
  1334 | D:2      | Found an ancient bone altar of Kikubaaqudgha.
  1733 | D:3      | Reached XP level 5. HP: 12/42 MP: 2/5
  1737 | D:3      | Slain by a gnoll

Skill      XL: |  1  2  3  4 |
---------------+-------------+-----
Armour         | 4 |  4.6
Long Blades    | 3 4 |  4.1
Dodging        | 1 |  1.4
Fighting       | |  3.9
Shields        | |  3.8

Action                   |  1- 3 |  4- 6 || total
-------------------------+-------+-------++-------
Melee: Long sword        |   118 |    46 ||   164
  Eat: Chunk             |     1 |     2 ||     3
Armor: Scale mail        |    49 |    10 ||    59
Dodge: Dodged            |    31 |    12 ||    43
Block: Shield            |    57 |    26 ||    83
       Rpst.: Long sword |    10 |     2 ||    12
